 Dungeon Crawl Stone Soup version 0.24.0-1-gfbc8707122 (webtiles) character file.

Game seed: 8054339763009608082, levelgen mode: deterministic

249 Heliosone the Ducker (level 5, -2/42 HPs)
             Began as a Demonspawn Gladiator on Oct 26, 2019.
             Slain by a crocodile (4 damage)
             ... in a sewer.
             The game lasted 00:04:44 (1621 turns).

Heliosone the Ducker (Demonspawn Gladiator)         Turns: 1621, Time: 00:04:44

Health: -2/42      AC:  7    Str: 15    XL:     5   Next: 87%
Magic:  5/5        EV: 13    Int: 10    God:
Gold:   69         SH:  0    Dex: 14    Spells: 4/4 levels left

rFire    + . .     SeeInvis .   m - +4 dagger (venom)
rCold    + . .     Gourm    .   (no shield)
rNeg     . . .     Faith    .   b - +0 leather armour
rPois    .         Spirit   .   c - +0 helmet
rElec    .         Reflect  .   i - scarf {rC+ rF+}
rCorr    .         Harm     .   (no gloves)
MR       .....                  k - +0 pair of boots (curse)
Stlth    +.........             (no amulet)
HPRegen  0.14/turn              (no ring)
MPRegen  0.09/turn              (no ring)

@: no status effects
A: slimy green scales 1, powered by death 2
a: no special abilities


You were in a sewer.
You were not hungry.

You visited 1 branch of the dungeon, and saw 3 of its levels.
You also visited: Sewer.

You collected 69 gold pieces.

Inventory:

Hand Weapons
 a - a +0 trident
 m - a +4 dagger of venom (weapon)
Missiles
 d - 3 throwing nets (quivered)
 q - 12 poisoned darts
Armour
 b - a +0 leather armour (worn)
 c - a +0 helmet (worn)
 i - a scarf of resistance (worn)
 k - a cursed +0 pair of boots (worn)
Wands
 g - a wand of flame (9)
Scrolls
 j - a scroll of immolation {unknown}
 l - a scroll of remove curse {unknown}
 o - 2 scrolls of identify {unknown}
Potions
 e - 4 potions of curing {unknown}
 h - a potion of resistance {unknown}
 n - a potion of lignification {unknown}
 r - a potion of invisibility {unknown}
 s - a potion of degeneration {unknown}
Comestibles
 f - 2 rations
 p - 2 chunks of flesh


   Skills:
 + Level 3.9 Fighting
 - Level 2.6 Polearms
 - Level 1.7 Throwing
 + Level 2.8 Armour
 + Level 4.1 Dodging


You had 4 spell levels left.
You didn't know any spells.
Your spell library contained the following spells:

 Spells                   Type           Power        Failure   Level  Hunger
 Corona                   Hex            #......      43%         1    ##.....
 Ensorcelled Hibernation  Hex/Ice        #.....       56%         2    ###....
 Confuse                  Hex            #.......     80%         3    ####...
 Dazzling Spray           Conj/Hex       #.....       80%         3    ####...
 Tukima's Dance           Hex            #.......     80%         3    ####...


Dungeon Overview and Level Annotations

Branches:
Dungeon (3/15)              Sewer (1/1)

Altars:


Innate Abilities, Weirdness & Mutations

You are partially covered in slimy green scales. (AC +2)
You regenerate health from kills.


Message History

The crocodile bites you.
You are too injured to fight recklessly!
You enter the shallow water.
Moving in this stuff is going to be slow.
The crocodile barely misses you. The crocodile bites you.
The crocodile closely misses you. The crocodile bites you!
* * * LOW HITPOINT WARNING * * *
You enter the shallow water.
Moving in this stuff is going to be slow.
The crocodile barely misses you.
The crocodile looks more healthy.
You closely miss the crocodile.
The crocodile is almost dead.
The crocodile closely misses you.
You closely miss the crocodile.
The crocodile is almost dead.
The crocodile bites you.
You die...

###.≈....### ##≈##
###..≈≈..≈.≈.###
#.≈.#
#≈....####..≈≈.###
#.≈.. #...≈.###
###.....###≈≈..
.≈≈.≈.# ##...≈≈≈..≈)#
##.≈.≈.##
###...≈.###≈≈.÷
=.##....≈####..≈≈.###
#.≈.. (
###.....≈≈...###
#.≈.# ##..@t≈.###
##≈## ######## #≈##
#≈# ###


You could see a crocodile.

Vanquished Creatures
  A centaur skeleton (D:2)
  2 orc wizards
  7 adders
  An ooze (D:3)
  2 worms (D:2)
  3 dart slugs
  3 leopard geckos
  10 orcs
  A ball python (D:2)
  6 goblins
  7 hobgoblins
  8 jackals
  A quokka (D:3)
  11 bats
  4 frilled lizards
  8 kobolds
  8 rats
83 creatures vanquished.

Notes
Turn   | Place    | Note
-------+----------+-------------------------------------------
     0 | D:1      | Heliosone the Demonspawn Gladiator began the quest for the
                  | Orb.
     0 | D:1      | Reached XP level 1. HP: 16/16 MP: 1/1
    52 | D:1      | Gained mutation: You regenerate a little health from kills.
                  | [demonic ancestry]
    52 | D:1      | Reached XP level 2. HP: 21/22 MP: 2/2
   202 | D:1      | Reached skill level 3 in Dodging
   224 | D:1      | Reached skill level 1 in Armour
   510 | D:1      | Gained mutation: You regenerate health from kills. [demonic
                  | ancestry]
   510 | D:1      | Reached XP level 3. HP: 27/28 MP: 3/3
   573 | D:2      | Gained mutation: You are partially covered in slimy green
                  | scales. (AC +2) [demonic ancestry]
   573 | D:2      | Reached XP level 4. HP: 28/35 MP: 4/4
   955 | D:2      | Reached XP level 5. HP: 33/41 MP: 5/5
  1334 | D:3      | Reached skill level 4 in Dodging
  1396 | D:3      | Found a glowing drain.
  1435 | Sewer    | Entered a sewer
  1587 | Sewer    | Noticed a crocodile
  1613 | Sewer    | HP: 1/42 [crocodile (15)]
  1621 | Sewer    | Slain by a crocodile

Levels and vault maps discovered:
D:1:      dpeg_arrival_rooms_c, layout_basic
D:2:      layout_rooms
D:3:      layout_loops_ring, gup_sewer_entry_glass, patterned_corridor
Sewer:    sewer_the_crocodile

Skill      XL: |  1  2  3  4  5 |
---------------+----------------+-----
Dodging        | 3 4 |  4.1
Armour         | 1 2 |  2.8
Fighting       | 3 |  3.9
Polearms       | |  2.6
Throwing       | |  1.7

Action                   |  1- 3 |  4- 6 || total
-------------------------+-------+-------++-------
Melee: Trident           |    50 |       ||    50
       Dagger            |    28 |   139 ||   167
  Eat: Chunk             |       |     3 ||     3
Armor: Leather armour    |    19 |    33 ||    52
Dodge: Dodged            |    45 |    95 ||   140
